 Dungeon Crawl Stone Soup version 0.28.0-53-g5a82cb258f (webtiles) character file.

Game seed: 4398535667217100511

73523 Stomo the Warrior (level 15, -6/141 HPs)
             Began as a Grey Draconian Fighter on July 2, 2022.
             Was a Follower of Uskayaw.
             Mangled by Agnes
             ... wielding a +3 lajatang of venom
              (25 damage)
             ... on level 15 of the Dungeon.
             The game lasted 00:50:55 (23979 turns).

Stomo the Warrior (Grey Draconian Fighter)         Turns: 23979, Time: 00:50:55

Health: -6/141     AC: 17    Str: 25    XL:     15   Next: 4%
Magic:  25/25      EV: 24    Int: 10    God:    Uskayaw [*.....]
Gold:   1190       SH:  0    Dex: 10    Spells: 14/14 levels left

rFire   . . .      SeeInvis .   h - +9 whip (drain)
rCold   . . .      Faith    .   (no shield)
rNeg    . . .      Spirit   .   (armour unavailable)
rPois   .          Reflect  .   (helmet restricted)
rElec   .          Harm     .   f - +2 cloak
rCorr   .          Rampage  .   (no gloves)
Will    +....                   (no boots)
Stlth   +.........              G - amulet of magic regeneration
HPRegen 0.33/turn               d - +4 ring of evasion
MPRegen 0.59/turn               T - +4 ring of evasion

@: no status effects
A: AC +14, amphibious, unfitting armour, cold-blooded
a: Renounce Religion, Stomp


You were on level 15 of the Dungeon.
You worshipped Uskayaw.
Uskayaw was pleased with you.
You visited 3 branches of the dungeon, and saw 17 of its levels.
You also visited: Ice Cave.

You collected 1190 gold pieces.

Inventory:

Hand Weapons
 a - a +1 flail
 h - a +9 whip of draining (weapon)
 m - a +0 dire flail of venom
Missiles
 z - 3 throwing nets (quivered)
Armour
 b - a +1 buckler
 f - a +2 cloak (worn)
Jewellery
 d - a +4 ring of evasion (left hand)
 s - a ring of ice
 u - a ring of protection from fire
 y - a +6 ring of dexterity
 D - a ring of positive energy
 E - a ring of protection from cold
 G - an amulet of magic regeneration (around neck)
 L - an amulet of guardian spirit
 P - a ring of fire
 S - an amulet of the acrobat
 T - a +4 ring of evasion (right hand)
Wands
 l - a wand of polymorph (11)
 q - a wand of paralysis (7)
 v - a wand of acid (30)
Scrolls
 c - a scroll of enchant armour
 e - 6 scrolls of teleportation
 j - 12 scrolls of identify
 n - a scroll of blinking {unknown}
 r - a scroll of immolation {unknown}
 A - 2 scrolls of vulnerability {unknown}
 I - a scroll of noise {unknown}
 J - a scroll of fog {unknown}
 M - 2 scrolls of amnesia
 Q - a scroll of magic mapping {unknown}
 R - 2 scrolls of enchant weapon
Potions
 g - 3 potions of mutation
 i - 2 potions of flight
 k - 2 potions of heal wounds
 o - 3 potions of magic {unknown}
 p - 4 potions of haste
 t - 4 potions of curing
 w - a potion of lignification {unknown}
 x - a potion of invisibility {unknown}
 B - 2 potions of attraction {unknown}
 C - 2 potions of cancellation {unknown}
 F - 3 potions of brilliance {unknown}
 K - a potion of might
 N - 2 potions of resistance {unknown}
 O - a potion of berserk rage {unknown}
Miscellaneous
 H - a condenser vane


   Skills:
 + Level 15.4 Fighting
 + Level 14.0 Maces & Flails
 + Level 13.1 Dodging
 - Level 3.0 Shields
 - Level 14.0 Invocations


You had 14 spell levels left.
You didn't know any spells.
Your spell library contained the following spells:

 Spells                   Type           Power      Damage    Failure   Level
 Summon Lightning Spire   Summ/Air       0%         N/A       98%         4
 Storm Form               Tmut/Air       0%         N/A       100%        7
 Maxwell's Capacitive Co  Air            0%         ∞         100%        8


Dungeon Overview and Level Annotations

Branches:
Dungeon (15/15)            Temple (1/1) D:4            Lair (0/6) D:8
    Orc (1/2) D:11         Vaults (0/5) D:14          IceCv (visited)
 Depths: D:15

Altars:
Ashenzari
Cheibriados
Dithmenos
Elyvilon
Fedhas
Gozag
Hepliaklqana
Kikubaaqudgha
Makhleb
Nemelex Xobeh
Okawaru
Qazlal
Ru
Sif Muna
Trog
Uskayaw
Vehumet
Wu Jian
Xom
Yredelemnul
Zin
The Shining One

Shops:
D:3 !

Annotations:
D:8 3 runed translucent doors, veles2001's ghost, novice MiAK
D:14 1 transporter
D:15 Agnes


Innate Abilities, Weirdness & Mutations

Your dull iron-grey scales are very hard. (AC +14)
You are amphibious.
You cannot fit into any form of body armour.
You are cold-blooded and may be slowed by cold attacks.


Message History

The meliai is moderately wounded.
The meliai hits you with a +0 hand axe. The meliai barely misses you.
The meliai closely misses you. The meliai stings you.
The meliai completely misses you. The meliai barely misses you.
The meliai mumbles some strange prayers to its god against you.
Something smites you!
The meliai mumbles some strange prayers to its god against you.
Something smites you! The meliai hits you with a +0 hand axe.
The meliai closely misses you.
The meliai mumbles some strange prayers to its god against you.
Something smites you! The meliai completely misses you.
The meliai stings you but does no damage.
There is an open door here.
The meliai invokes the aid of its god against you.
Something smites you!
The meliai invokes the aid of its god against you.
Something smites you!
* * * LOW HITPOINT WARNING * * *
The meliai hits you with a +0 hand axe.
* * * LOW HITPOINT WARNING * * *
The meliai completely misses you.
As you read the scroll of teleportation, it crumbles to dust.
You feel strangely unstable. The meliai completely misses you.
The meliai misses you. The meliai closely misses you.
The meliai barely misses you. x2; The meliai misses you.
Unknown command.
The meliai invokes the aid of its god against you.
Something smites you!
* * * LOW HITPOINT WARNING * * *
The meliai hits you with a +0 hand axe.
* * * LOW HITPOINT WARNING * * *
The meliai barely misses you. x2; The meliai misses you.
Unknown command.
Your surroundings suddenly seem different.
Agnes the Wanderer comes into view.
She is wielding a +3 lajatang of venom.
Found a hand crossbow.
Agnes shouts!
Agnes mutters, "I never trained for this."
Agnes hits you with a +3 lajatang of venom!!
You die...

# . .#
############.#
.............
...........###
.............#
........@# #
........i# #
.........# #
.........#
.).........
.........#.#.
..
.........#.#.#.
###..
.......^.# # #.
.....
.........# .


You could see Agnes.

Vanquished Creatures
  A frost giant (IceCv)
  8 vault guards (D:14)
  10 boulder beetles
  9 hydras
  Harold (D:8)
  Erica (D:8)
  A death knight (D:14)
  7 centaur warriors
  A tengu warrior (D:14)
  6 death yaks (IceCv)
  An orc high priest (D:11)
  8 two-headed ogres
  5 skeletal warriors
  A glowing orange brain (D:13)
  Pikel (D:4)
  A deep elf pyromancer (D:13)
  2 wizards
  2 orc sorcerers (D:11)
  3 cyclopes
  13 ugly things
  5 manticores
  An ice statue (IceCv)
  A centaur zombie (D:9)
  Joseph (D:7)
  An elephant (D:8)
  4 gargoyles
  A molten gargoyle (D:15)
  Psyche (D:8)
  Maggie (D:7)
  7 rime drakes
  A kobold demonologist (D:11)
  A yaktaur (D:13)
  An unseen horror (D:11)
  A freezing wraith (D:14)
  3 komodo dragons (D:13)
  3 tengu conjurers
  A meliai (D:12)
  4 trolls
  4 polar bears (IceCv)
  6 slime creatures
  A meliai zombie (D:11)
  A fire bat (shapeshifter) (D:13)
  A shadow (D:11)
  21 yaks
  3 basilisks
  5 wraiths
  A fire elemental (D:15)
  A human (shapeshifter) (D:13)
  A golden eye (shapeshifter) (D:14)
  24 vampire mosquitoes
  Menkaure (D:6)
  Edmund (D:4)
  2 swamp worms (D:10)
  3 wargs (D:11)
  An ice beast (D:9)
  2 necrophages
  3 ogres
  14 orc warriors
  10 wolves
  14 centaurs
  2 lemures (D:4)
  4 kobold brigands
  6 bullfrogs
  A gnoll sergeant (D:11)
  2 wyvern zombies
  A water moccasin zombie (D:5)
  3 scorpions
  A water moccasin skeleton (D:4)
  13 killer bees
  7 wights
  An electric eel (D:10)
  10 howler monkeys
  A bullfrog zombie (D:3)
  A hound (D:6)
  A jelly (D:5)
  15 orc priests
  7 iguanas
  Jessica (D:2)
  Terence (D:1)
  2 centaur skeletons
  10 orc wizards
  A killer bee zombie (D:8)
  A centaur simulacrum (D:9)
  A hound skeleton (D:4)
  Robin (D:2)
  11 gnolls
  7 adders
  4 shadow imps
  A howler monkey simulacrum (D:9)
  6 white imps
  4 dart slugs
  65 orcs
  8 endoplasms
  4 giant cockroaches
  20 goblins
  6 hobgoblins
  3 jackals (D:1)
  17 kobolds
  2 quokkas (D:3)
  6 ball pythons
  7 bats
  3 frilled lizards
  6 rats
514 creatures vanquished.

Vanquished Creatures (others)
  A polar bear (IceCv)
  A vampire mosquito (D:13)
  A fire vortex (D:15)
  A fungus (D:2)
  17 plants
21 creatures vanquished.

Grand Total: 535 creatures vanquished

Notes
Turn   | Place    | Note
-------+----------+-------------------------------------------
     0 | D:1      | Stomo the Draconian Fighter began the quest for the Orb.
     0 | D:1      | Reached XP level 1. HP: 19/19 MP: 1/1
   306 | D:1      | Reached XP level 2. HP: 21/26 MP: 2/2
   407 | D:1      | You fall into a shaft and drop 1 floor!
   492 | D:1      | Reached XP level 3. HP: 33/33 MP: 3/3
   861 | D:2      | Noticed Terence
   885 | D:2      | Noticed Robin
  1188 | D:1      | Killed Terence
  1189 | D:1      | Reached skill level 4 in Fighting
  1225 | D:2      | Reached XP level 4. HP: 26/40 MP: 4/4
  1235 | D:2      | Killed Robin
  1804 | D:2      | Noticed Jessica
  1937 | D:2      | Killed Jessica
  2189 | D:2      | Found a faded altar of an unknown god.
  2366 | D:3      | Found a broken altar of Ashenzari.
  2398 | D:3      | Reached XP level 5. HP: 24/47 MP: 5/5
  2676 | D:3      | Found Qecroesch's Distillery.
  3039 | D:3      | Reached skill level 5 in Fighting
  3165 | D:3      | Reached XP level 6. HP: 56/56 MP: 6/6
  3906 | D:4      | Noticed Edmund
  3951 | D:4      | Your scales start taking on a dull iron-grey colour.
  3951 | D:4      | Reached XP level 7. HP: 35/62 MP: 7/7
  4219 | D:4      | Found a staircase to the Ecumenical Temple.
  4245 | Temple   | Entered the Ecumenical Temple
  4786 | Temple   | Became a worshipper of Uskayaw the Reveller
  4839 | D:4      | Noticed Pikel
  4852 | D:4      | Reached * piety under Uskayaw
  4854 | D:4      | Reached ** piety under Uskayaw
  4901 | D:4      | Found a white marble altar of Elyvilon.
  4981 | D:4      | Reached *** piety under Uskayaw
  4982 | D:4      | Killed Pikel
  4983 | D:4      | Reached skill level 6 in Fighting
  4983 | D:4      | Reached skill level 5 in Maces & Flails
  4983 | D:4      | Reached skill level 5 in Dodging
  4983 | D:4      | Reached XP level 8. HP: 44/71 MP: 7/10
  5626 | D:4      | Killed Edmund
  5937 | D:5      | Entered Level 5 of the Dungeon
  6126 | D:5      | Reached skill level 7 in Fighting
  6127 | D:5      | Found an opulent altar of Gozag.
  6342 | D:5      | Found a glowing silver altar of Zin.
  6590 | D:5      | Found a sacrificial altar of Ru.
  6679 | D:5      | Found a shimmering blue altar of Sif Muna.
  6774 | D:6      | Noticed Menkaure
  6786 | D:6      | Killed Menkaure
  7075 | D:6      | Reached **** piety under Uskayaw
  7081 | D:6      | Reached ***** piety under Uskayaw
  7082 | D:6      | Reached XP level 9. HP: 44/76 MP: 12/12
  7699 | D:6      | Reached skill level 5 in Invocations
  8053 | D:7      | Noticed Joseph
  8074 | D:7      | Killed Joseph
  8075 | D:7      | Reached skill level 8 in Fighting
  8419 | D:7      | Noticed Maggie
  8443 | D:7      | Killed Maggie
  8445 | D:7      | Reached ****** piety under Uskayaw
  8884 | D:7      | Reached XP level 10. HP: 37/90 MP: 14/14
  8886 | D:7      | Reached skill level 9 in Fighting
  9392 | D:8      | Noticed Erica
  9403 | D:8      | Killed Erica
  9585 | D:8      | Found a staircase to the Lair.
  9585 | D:8      | Noticed an elephant
  9648 | D:8      | Killed an elephant
  9758 | D:8      | Found a runed translucent gate.
  9758 | D:8      | Noticed Psyche
  9759 | D:8      | Found a runed translucent gate.
  9760 | D:8      | Found a runed translucent gate.
  9802 | D:8      | Killed Psyche
  9948 | D:8      | Reached skill level 10 in Fighting
 10029 | D:8      | Found an ornate altar of the Wu Jian Council.
 10142 | D:8      | Noticed veles2001's ghost (novice MiAK)
 10179 | D:8      | Noticed Harold
 10208 | D:8      | Killed Harold
 10209 | D:8      | Reached XP level 11. HP: 100/100 MP: 17/17
 10459 | D:9      | Found a radiant altar of Vehumet.
 10468 | D:9      | Noticed an eight-headed hydra
 10851 | D:9      | Killed an eight-headed hydra
 11257 | D:9      | Found a shadowy altar of Dithmenos.
 11325 | D:9      | Noticed a four-headed hydra
 11342 | D:9      | Killed a four-headed hydra
 11895 | D:9      | Noticed a five-headed hydra
 11904 | D:9      | Killed a five-headed hydra
 11905 | D:9      | Reached skill level 11 in Fighting
 12692 | D:10     | Entered Level 10 of the Dungeon
 12696 | D:10     | Found an ancient bone altar of Kikubaaqudgha.
 12851 | D:10     | Noticed a two-headed ogre
 12857 | D:10     | Killed a two-headed ogre
 12978 | D:10     | Noticed a two-headed ogre
 12986 | D:10     | Killed a two-headed ogre
 12987 | D:10     | Reached skill level 10 in Maces & Flails
 13129 | D:10     | Noticed a two-headed ogre
 13142 | D:10     | Killed a two-headed ogre
 13322 | D:10     | Noticed a two-headed ogre
 13328 | D:10     | Killed a two-headed ogre
 13914 | D:10     | Reached XP level 12. HP: 104/110 MP: 19/19
 13949 | D:10     | Identified the +1 chain mail of Privacy {rPois}
 14018 | D:10     | Noticed a two-headed ogre
 14024 | D:10     | Killed a two-headed ogre
 14025 | D:10     | Reached skill level 10 in Invocations
 14377 | D:11     | Found a staircase to the Orcish Mines.
 14382 | D:11     | Found a frozen archway.
 14406 | D:11     | Reached skill level 10 in Dodging
 14415 | D:11     | Noticed a seven-headed hydra
 14427 | D:11     | Killed a seven-headed hydra
 14443 | IceCv    | Entered an ice cave
 14694 | IceCv    | Noticed a death yak
 14694 | IceCv    | Noticed a death yak
 14702 | IceCv    | Reached skill level 12 in Fighting
 14710 | IceCv    | Killed a death yak
 14715 | IceCv    | Killed a death yak
 15079 | IceCv    | Noticed a death yak
 15079 | IceCv    | Noticed a frost giant
 15101 | IceCv    | Killed a death yak
 15127 | IceCv    | Killed a frost giant
 15536 | IceCv    | Noticed a death yak
 15536 | IceCv    | Noticed a death yak
 15556 | IceCv    | Killed a death yak
 15568 | IceCv    | Killed a death yak
 15655 | IceCv    | Noticed a death yak
 15665 | IceCv    | Killed a death yak
 15668 | IceCv    | Reached XP level 13. HP: 109/119 MP: 21/21
 16509 | D:11     | Reached skill level 13 in Fighting
 17378 | Orc:1    | Entered Level 1 of the Orcish Mines
 18169 | D:11     | Paralysed by an orc sorcerer for 2 turns
 18699 | Orc:1    | Noticed an orc warlord
 20291 | D:13     | Reached skill level 14 in Fighting
 20605 | D:13     | Reached XP level 14. HP: 115/132 MP: 23/23
 22283 | D:14     | Found a gate to the Vaults.
 22348 | D:14     | Reached skill level 15 in Fighting
 22901 | D:14     | Found a transporter.
 23410 | D:14     | Reached XP level 15. HP: 140/141 MP: 25/25
 23455 | D:15     | Entered Level 15 of the Dungeon
 23462 | D:15     | Found an ornate altar of the Wu Jian Council.
 23769 | D:15     | Found a bloodstained altar of Trog.
 23977 | D:15     | Noticed Agnes
 23979 | D:15     | Mangled by Agnes

Illustrated notes

Levels and vault maps discovered:
D:1:      minmay_arrival_doors, layout_rooms
D:2:      layout_basic, serial_rivers, chequers_serial_rivers_small_3,
          chequers_serial_rivers_large_b, chequers_serial_rivers_room_b,
          chequers_serial_rivers_micro_c, shapermc_ecumenical_altar_acropolis,
          uniq_robin, uniq_terence, uniq_jessica
D:3:      layout_loops_ring, mainiacjoe_overflow_chevrons, serial_shops,
          nicolae_shop_trees
D:4:      minmay_razor_zed, layout_cave_pods, kennysheep_little_box,
          minmay_temple_entry_overgrown, uniq_edmund, uniq_pikel
D:5:      layout_cave_pools, lemuel_crystal_altar,
          mainiacjoe_overflow_surrounded_room, kennysheep_mini_moat,
          lemuel_blue_sif_altar, grunt_ministairs_1
D:6:      layout_loops_cross, uniq_menkaure
D:7:      layout_rooms, uniq_maggie, uniq_joseph
D:8:      layout_basic, mainiacjoe_overflow_tiny_flanked, david_lair_generic,
          enter_bailey_7, gammafunk_ghost_necromancy, minmay_tree_intersection,
          uniq_psyche, uniq_harold, uniq_erica
D:9:      wad_arrow_thing, layout_rooms, nicolae_dithmenos_the_darkroom,
          vehumet_crystals, serial_ice, serial_ice_b, serial_ice_j,
          serial_ice_e, serial_ice_m
D:10:     layout_basic, lemuel_round_altar, worms_lemuel
D:11:     cheibrodos_barr_body, layout_basic, david_orc_3, portal_ice_cave_rime
D:12:     layout_roguey
D:13:     nzn_winding_woodlands_three_and_one
          [nzn_winding_woodlands_5x15_sawtooth,
          nzn_winding_woodlands_5x15_split_checker,
          nzn_winding_woodlands_5x15_pathside_ponds,
          nzn_winding_woodlands_center_pierced_h], layout_cave_pools,
          minmay_lizard_king
D:14:     emtedronai_trogs_sanctum, layout_rooms, erik_vaults_2,
          nicolae_elevator_lobby_plus
D:15:     grunt_enter_depths_magical_seal, layout_basic,
          trog_three_pillars_becter, serial_co_window_serial,
          co_window_of_opportunity_a, co_window_corner_a, co_window_corner_a,
          co_window_corner_a, co_window_paths_b, co_window_paths_c,
          co_window_broadway_b, co_window_corner_b, co_window_paths_e,
          glass_columns_a, glass_columns_b, nzn_wu_jian_contemplation,
          uniq_kirke, uniq_agnes
Temple:   minmay_temple_bridge_abc
Orc:1:    layout_caves, basic_altar, serial_shops, nicolae_shop_window_shopping,
          hellmonk_bongcloud_opening, minmay_orc_temple_a

Skill      XL: |  1  2  3  4  5  6  7  8  9 10 11 12 13 14 |
---------------+-------------------------------------------+-----
Dodging        | 3 4 5 6 7 8 9 10 11 13 | 13.1
Fighting       | 4 5 6 7 8 10 11 12 14 15 | 15.4
Maces & Flails | 3 4 5 6 7 9 10 11 12 14 | 14.0
Invocations    | 2 4 6 8 9 11 12 14 | 14.0
Shields        | |  3.0

Action                   |  1- 3 |  4- 6 |  7- 9 | 10-12 | 13-15 || total
-------------------------+-------+-------+-------+-------+-------++-------
Melee: Flail             |    91 |   180 |       |       |       ||   271
       Tailslap          |     7 |    25 |    43 |   128 |   225 ||   428
       Whip              |       |     6 |   368 |   670 |  1036 ||  2080
       Punch             |       |       |    10 |    17 |    36 ||    63
       Unarmed           |       |       |       |     2 |       ||     2
Throw: Throwing net      |       |       |       |     1 |       ||     1
Invok: Stomp             |       |       |       |     2 |       ||     2
       Grand Finale      |       |       |       |       |     5 ||     5
  Use: Potion            |     3 |     3 |       |       |       ||     6
       Scroll            |     2 |     6 |     4 |     4 |     2 ||    18
 Stab: Sleeping          |       |     1 |       |       |       ||     1
       Paralysed         |       |       |    14 |    59 |    80 ||   153
Armor: Skin              |    39 |    59 |   111 |   129 |   205 ||   543
Dodge: Dodged            |    72 |   127 |   183 |   521 |   687 ||  1590
